 Dungeon Crawl Stone Soup version 0.25.1-2-g60ff931df9 (webtiles) character file.

Game seed: 2381873890559234928

224 Peloso the Shield-Bearer (level 5, -2/47 HPs)
             Began as a Minotaur Fighter on Aug 16, 2020.
             Was an Initiate of Okawaru.
             Killed by nerve-wracking pain
             ... invoked by Grinder
              (4 damage)
             ... on level 3 of the Dungeon.
             The game lasted 00:04:29 (1902 turns).

Peloso the Shield-Bearer (Minotaur Fighter)         Turns: 1902, Time: 00:04:29

Health: -2/47      AC:  7    Str: 18 (21) XL:     5   Next: 67%
Magic:  4/4        EV:  7    Int:  4 (5)  God:    Okawaru [......]
Gold:   174        SH:  9    Dex:  8 (10) Spells: 4/4 levels left

rFire    . . .     SeeInvis .   a - +0 long sword
rCold    . . .     Gourm    .   c - +0 kite shield
rNeg     . . .     Faith    .   b - +0 scale mail
rPois    .         Spirit   .   (helmet restricted)
rElec    .         Reflect  .   (no cloak)
rCorr    .         Harm     .   (no gloves)
MR       .....                  (no boots)
Stlth    ..........             (no amulet)
HPRegen  0.15/turn              (no ring)
MPRegen  0.09/turn              (no ring)

@: mighty
A: retaliatory headbutt, horns 2
a: Renounce Religion


You were on level 3 of the Dungeon.
You worshipped Okawaru.
Okawaru was noncommittal.
You were not hungry.

You visited 1 branch of the dungeon, and saw 3 of its levels.

You collected 174 gold pieces.

Inventory:

Hand Weapons
 a - a +0 long sword (weapon)
Armour
 b - a +0 scale mail (worn)
 c - a +0 kite shield (worn)
Jewellery
 h - a cursed amulet of inaccuracy {unknown}
Scrolls
 g - a scroll of remove curse
 i - a scroll of enchant armour {unknown}
 k - a scroll of magic mapping {unknown}
 l - 2 scrolls of teleportation {unknown}
 m - a scroll of identify {unknown}
Potions
 e - 2 potions of magic
 j - 3 potions of degeneration
Comestibles
 f - 7 rations
 n - 12 chunks of flesh


   Skills:
 + Level 4.6 Fighting
 + Level 4.3 Long Blades
 + Level 4.5 Armour
 + Level 0.9 Dodging
 + Level 5.3 Shields


You had 4 spell levels left.
You didn't know any spells.
Your spell library was empty.

Dungeon Overview and Level Annotations

Branches:
Dungeon (3/15)

Altars:
Cheibriados
Hepliaklqana
Okawaru

Annotations:
D:3 Grinder


Innate Abilities, Weirdness & Mutations

You reflexively headbutt those who attack you in melee.
You have a pair of horns on your head.


Message History

Pain shoots through your body!
* * * LOW HITPOINT WARNING * * *
It was a potion of degeneration.
There was something very wrong with that liquid.
You feel weakened.
You feel dopey.
You feel clumsy. Grinder gestures at you.
You shrug off the repeated paralysis!
Okay, then.
You feel very mighty all of a sudden. You block Grinder's attack.
You hit Grinder.
Grinder is lightly wounded.
Grinder gestures at you. You resist with significant effort.
You completely miss Grinder.
Grinder is lightly wounded.
Grinder blinks!
Grinder gestures at you. Pain shoots through your body!
You die...

#.#.####..........
#..#....#.....####
#.#####.#.....# #.
#)###..## .. #...#..#
###### ## ###....#
#.....
#....((#####.....
#####†###(###........
###...@.#
#..##....)...
#...#####
#..(..##.....
...[..5###
#.....####### ##.#...
#...#.# .....
......##.# #....#
..##.###.# .....# #
#.# #.. ..##. #. ###
.. #. #.


You could see Grinder.

Vanquished Creatures
  2 orc priests
  2 orc wizards
  3 gnolls (D:2)
  3 adders
  A dart slug (D:1)
  7 orcs
  2 giant cockroaches
  6 goblins
  6 hobgoblins (D:2)
  7 kobolds
  4 bats
  4 frilled lizards
  3 rats
50 creatures vanquished.

Notes
Turn   | Place    | Note
-------+----------+-------------------------------------------
     0 | D:1      | Peloso the Minotaur Fighter began the quest for the Orb.
     0 | D:1      | Reached XP level 1. HP: 19/19 MP: 0/0
    81 | D:1      | Reached XP level 2. HP: 27/27 MP: 1/1
   445 | D:1      | Reached skill level 4 in Shields
   699 | D:2      | Reached XP level 3. HP: 32/33 MP: 2/2
   905 | D:1      | Reached XP level 4. HP: 22/40 MP: 3/3
  1215 | D:2      | Reached skill level 5 in Shields
  1219 | D:2      | Reached XP level 5. HP: 26/47 MP: 4/4
  1430 | D:2      | Found a hazy altar of Hepliaklqana.
  1537 | D:2      | Found an iron altar of Okawaru.
  1563 | D:2      | Became a worshipper of Warmaster Okawaru
  1598 | D:2      | Found a snail-covered altar of Cheibriados.
  1863 | D:3      | Noticed Grinder
  1888 | D:3      | Paralysed by Grinder for 6 turns
  1894 | D:3      | HP: 1/47 [Grinder/nerve-wracking pain (10)]
  1902 | D:3      | Killed from afar by Grinder

Illustrated notes

Levels and vault maps discovered:
D:1:      dpeg_arrival_long_road, layout_loops_ring
D:2:      cheibrodos_pilgrimage, layout_basic, lemuel_doored_altar,
          lemuel_round_altar, first_ration, okawaru_gym_becter
D:3:      layout_rooms, uniq_sigmund, uniq_grinder

Skill      XL: |  1  2  3  4  5 |
---------------+----------------+-----
Shields        | 4 5 |  5.3
Fighting       | 4 |  4.6
Armour         | 4 |  4.5
Long Blades    | 3 4 |  4.3
Dodging        | |  0.9

Action                   |  1- 3 |  4- 6 || total
-------------------------+-------+-------++-------
Melee: Long sword        |    56 |    54 ||   110
       Headbutt          |     3 |    10 ||    13
  Use: Potion            |       |     3 ||     3
       Scroll            |       |     1 ||     1
  Eat: Chunk             |       |     3 ||     3
Armor: Scale mail        |    35 |    17 ||    52
Dodge: Dodged            |    14 |    22 ||    36
Block: Kite shield       |    33 |    36 ||    69
       Rpst.: Long sword |     6 |     3 ||     9
